SL
SAN MATEO DIRTY REDS @ HOLLYWOOD SHREDDERS
09/23/2038
 
TOP OF THE 1ST
San Mateo Dirty Reds batting - Pitching for Hollywood Shredders : RHP Esteban Rodríguez
Pitching: RHP Esteban Rodríguez
Batting: LHB Richard Edwards 0-0: Ball
1-0: Fly out, F5 (Popup, 56S, EV 65.0 MPH)
Batting: RHB Kameron Guangorena 0-0: Called Strike
0-1: Fly out, F8 (Flyball, 8RXD, EV 95.6 MPH)
Batting: RHB Daniel McCoy 0-0: Ball
1-0: Ball
2-0: Called Strike
2-1: Called Strike
2-2: Strikes out swinging
Top of the 1st over - 0 runs, 0 hits, 0 errors, 0 left on base; San Mateo 0 - Hollywood 0
BOTTOM OF THE 1ST
Hollywood Shredders batting - Pitching for San Mateo Dirty Reds : RHP Michael Machen
Pitching: RHP Michael Machen
Batting: LHB Chris Payling 0-0: Ball
1-0: Fly out, F6 (Popup, 6M, EV 77.5 MPH)
Batting: LHB Scott Kerin 0-0: Called Strike
0-1: Ball
1-1: Swinging Strike
1-2: Ball
2-2: Ball
3-2: Foul Ball, location: 2F
3-2: Base on Balls
Batting: RHB Baldomero Avino 0-0: SINGLE (Line Drive, 8LS, EV 89.4 MPH)
Scott Kerin to second
Batting: LHB Kanko Umaba 0-0: Ball
1-0: Ball
2-0: TRIPLE (Line Drive, 9D, EV 107.5 MPH)
Scott Kerin scores
Baldomero Avino scores
Batting: LHB Divine Diablo 0-0: Ball
1-0: Ball
2-0: Called Strike
2-1: 2-RUN HOME RUN (Flyball, 9LD, EV 105.0 MPH), Distance : 344 ft
Batting: RHB Guillermo Coss 0-0: Ball
1-0: SINGLE (Groundball, 56S, EV 66.9 MPH) (infield hit)
Batting: RHB James Hemwick 0-0: Grounds into double play, 4-6-3 (Groundball, 4M, EV 88.1 MPH)
Bottom of the 1st over - 4 runs, 4 hits, 0 errors, 0 left on base; San Mateo 0 - Hollywood 4
TOP OF THE 2ND
San Mateo Dirty Reds batting - Pitching for Hollywood Shredders : RHP Esteban Rodríguez
Batting: LHB Palaie Gaoteote 0-0: Called Strike
0-1: Ball
1-1: Ground out 6-3 (Groundball, 4M, EV 103.1 MPH)
Batting: SHB Dylan Carson 0-0: Called Strike
0-1: SINGLE (Flyball, 9LS, EV 97.5 MPH)
Batting: RHB Hugh Mungus 0-0: Ball
1-0: Called Strike
1-1: Called Strike
1-2: Foul Ball, location: 2F
1-2: Ball
2-2: Strikes out looking
Batting: RHB Sergio Vásquez 0-0: Called Strike
0-1: Swinging Strike
0-2: Strikes out swinging
Top of the 2nd over - 0 runs, 1 hit, 0 errors, 1 left on base; San Mateo 0 - Hollywood 4
BOTTOM OF THE 2ND
Hollywood Shredders batting - Pitching for San Mateo Dirty Reds : RHP Michael Machen
Batting: SHB Ricky Sellers 0-0: Ball
1-0: Ball
2-0: Foul Ball, location: 2F
2-1: Ball
3-1: SINGLE (Flyball, 89S, EV 89.4 MPH)
Batting: SHB Alexei Ponikarov 0-0: Called Strike
0-1: Fly out, F7 (Flyball, 78S, EV 85.0 MPH)
Batting: LHB Chris Payling 0-0: Called Strike
0-1: TRIPLE (Flyball, 8LXD, EV 98.1 MPH)
Ricky Sellers scores
Batting: LHB Scott Kerin 0-0: Called Strike
0-1: Ball
1-1: Ground out 5-3 (Groundball, 56S, EV 85.0 MPH)
Chris Payling scores
Batting: RHB Baldomero Avino 0-0: Ball
1-0: Ball
2-0: Called Strike
2-1: Fly out, F7 (Flyball, 7LS, EV 90.6 MPH)
Bottom of the 2nd over - 2 runs, 2 hits, 0 errors, 0 left on base; San Mateo 0 - Hollywood 6
TOP OF THE 3RD
San Mateo Dirty Reds batting - Pitching for Hollywood Shredders : RHP Esteban Rodríguez
Batting: LHB Rio Mence 0-0: Ball
1-0: Called Strike
1-1: Called Strike
1-2: Strikes out swinging
Batting: RHB Nelson Jaramillo 0-0: Ball
1-0: Called Strike
1-1: Ball
2-1: Swinging Strike
2-2: Foul Ball, location: 2F
2-2: Foul Ball, location: 2F
2-2: Foul Ball, location: 2F
2-2: Ball
3-2: Ground out 6-3 (Groundball, 6D, EV 90.6 MPH)
Batting: LHB Richard Edwards 0-0: Ball
1-0: Foul Ball, location: 2F
1-1: Ball
2-1: Foul Ball, location: 2F
2-2: Strikes out swinging
Top of the 3rd over - 0 runs, 0 hits, 0 errors, 0 left on base; San Mateo 0 - Hollywood 6
BOTTOM OF THE 3RD
Hollywood Shredders batting - Pitching for San Mateo Dirty Reds : RHP Michael Machen
Batting: LHB Kanko Umaba 0-0: Called Strike
0-1: Swinging Strike
0-2: Foul Ball, location: 2F
0-2: Ball
1-2: Fly out, F9 (Flyball, 9LD, EV 104.4 MPH)
Batting: LHB Divine Diablo 0-0: Ball
1-0: Called Strike
1-1: Called Strike
1-2: SINGLE (Line Drive, 89S, EV 103.1 MPH)
Pitching: RHP Ignacio Ayala
Batting: RHB Guillermo Coss 0-0: Called Strike
0-1: Ball
1-1: Grounds into double play, 4-6-3 (Groundball, 34, EV 85.6 MPH)
Bottom of the 3rd over - 0 runs, 1 hit, 0 errors, 0 left on base; San Mateo 0 - Hollywood 6
TOP OF THE 4TH
San Mateo Dirty Reds batting - Pitching for Hollywood Shredders : RHP Esteban Rodríguez
Batting: RHB Kameron Guangorena 0-0: Ball
1-0: SINGLE (Groundball, 6MD, EV 93.8 MPH)
Batting: RHB Daniel McCoy 0-0: Ball
1-0: Ball
2-0: Foul Ball, location: 2F
2-1: Foul Ball, location: 2F
2-2: Fly out, F3 (Popup, 3S, EV 84.4 MPH)
Batting: LHB Palaie Gaoteote 0-0: SINGLE (Line Drive, 6MD, EV 97.5 MPH)
Kameron Guangorena to second
Batting: SHB Dylan Carson 0-0: Called Strike
0-1: Ball
1-1: Ball
2-1: Fly out, F2 (Popup, 23F, EV 84.4 MPH)
Batting: RHB Hugh Mungus 0-0: Foul Ball, location: 2F
0-1: Ball
1-1: Ball
2-1: Ball
Wild Pitch!
Kameron Guangorena to third
Palaie Gaoteote to second
3-1: Foul Ball, location: 2F
3-2: Base on Balls
Batting: RHB Sergio Vásquez 0-0: Called Strike
0-1: Foul Ball, location: 2F
0-2: Ball
1-2: Ball
2-2: Strikes out swinging
Top of the 4th over - 0 runs, 2 hits, 0 errors, 3 left on base; San Mateo 0 - Hollywood 6
BOTTOM OF THE 4TH
Hollywood Shredders batting - Pitching for San Mateo Dirty Reds : RHP Ignacio Ayala
Batting: RHB James Hemwick 0-0: Fly out, F7 (Line Drive, 7, EV 91.9 MPH)
Batting: SHB Ricky Sellers 0-0: Ball
1-0: Swinging Strike
1-1: Foul Ball, location: 2F
1-2: Ball
2-2: Ball
3-2: Foul Ball, location: 2F
3-2: Foul Ball, location: 2F
3-2: Foul Ball, location: 2F
3-2: Fly out, F2 (Popup, 3SF, EV 84.4 MPH)
Batting: SHB Alexei Ponikarov 0-0: Called Strike
0-1: Swinging Strike
0-2: Ball
1-2: Strikes out swinging
Bottom of the 4th over - 0 runs, 0 hits, 0 errors, 0 left on base; San Mateo 0 - Hollywood 6
TOP OF THE 5TH
San Mateo Dirty Reds batting - Pitching for Hollywood Shredders : RHP Esteban Rodríguez
Batting: LHB Rio Mence 0-0: Ball
1-0: Ball
2-0: SINGLE (Line Drive, 6MD, EV 103.8 MPH)
Batting: RHB Nelson Jaramillo 0-0: Called Strike
0-1: Ball
1-1: Foul Ball, location: 2F
1-2: Foul Ball, location: 2F
1-2: Ball
2-2: Fly out, F9 (Line Drive, 9D, EV 82.5 MPH)
Batting: LHB Richard Edwards 0-0: Called Strike
0-1: Ball
1-1: Called Strike
1-2: Ball
2-2: Fly out, F3 (Line Drive, 3, EV 69.4 MPH)
Lined into DP, U3 (Line Drive, 3, EV 64.4 MPH)
Top of the 5th over - 0 runs, 1 hit, 0 errors, 0 left on base; San Mateo 0 - Hollywood 6
BOTTOM OF THE 5TH
Hollywood Shredders batting - Pitching for San Mateo Dirty Reds : RHP Ignacio Ayala
Batting: LHB Chris Payling 0-0: Ball
1-0: Ground out 6-3 (Groundball, 6, EV 86.9 MPH)
Batting: LHB Scott Kerin 0-0: Called Strike
0-1: Ball
1-1: Foul Ball, location: 2F
1-2: Ball
2-2: Ball
3-2: Ground out 5-3 (Groundball, 5, EV 79.4 MPH)
Batting: RHB Baldomero Avino 0-0: Ball
1-0: Foul Ball, location: 2F
1-1: Called Strike
1-2: Ball
2-2: Foul Ball, location: 2F
2-2: Ball
3-2: Foul Ball, location: 2F
3-2: Base on Balls
Batting: LHB Kanko Umaba 0-0: Swinging Strike
0-1: Swinging Strike
0-2: Ball
1-2: Strikes out swinging
Bottom of the 5th over - 0 runs, 0 hits, 0 errors, 1 left on base; San Mateo 0 - Hollywood 6
TOP OF THE 6TH
San Mateo Dirty Reds batting - Pitching for Hollywood Shredders : RHP Esteban Rodríguez
Batting: RHB Kameron Guangorena 0-0: Called Strike
0-1: Ball
1-1: Swinging Strike
1-2: Ball
2-2: Ground out 6-3 (Groundball, 6, EV 103.1 MPH)
Batting: RHB Daniel McCoy 0-0: Called Strike
0-1: Ball
1-1: Foul Ball, location: 2F
1-2: Strikes out swinging
Batting: LHB Palaie Gaoteote 0-0: Foul Ball, location: 2F
0-1: Called Strike
0-2: Ball
1-2: Foul Ball, location: 2F
1-2: Foul Ball, location: 2F
1-2: Ball
2-2: Ground out U3 (Groundball, 34, EV 79.4 MPH)
Top of the 6th over - 0 runs, 0 hits, 0 errors, 0 left on base; San Mateo 0 - Hollywood 6
BOTTOM OF THE 6TH
Hollywood Shredders batting - Pitching for San Mateo Dirty Reds : RHP Ignacio Ayala
Batting: LHB Divine Diablo 0-0: Called Strike
0-1: Ball
1-1: SINGLE (Groundball, 6MD, EV 98.8 MPH)
Batting: RHB Guillermo Coss 0-0: Called Strike
0-1: Foul Ball, location: 2F
0-2: SINGLE (Line Drive, 8RS, EV 93.1 MPH)
Divine Diablo to second
Pitching: RHP Barney Starr
Batting: RHB James Hemwick 0-0: SINGLE (Groundball, 6MD, EV 100.0 MPH)
Divine Diablo to third
Guillermo Coss to second
Batting: SHB Ricky Sellers 0-0: Called Strike
0-1: DOUBLE (Line Drive, 78D, EV 102.5 MPH)
Divine Diablo scores
Guillermo Coss scores
James Hemwick to third
Runner from 3rd tries for Home, SAFE, throw by CF to trailing runner, SAFE at third!
Batting: SHB Alexei Ponikarov 0-0: Ball
1-0: 2-RUN HOME RUN (Flyball, 9LD, EV 110.0 MPH), Distance : 338 ft
Batting: LHB Chris Payling 0-0: SINGLE (Line Drive, 7S, EV 110.6 MPH)
Batting: LHB Scott Kerin 0-0: Called Strike
0-1: Swinging Strike
0-2: Ball
1-2: Ball
2-2: Ball
3-2: Foul Ball, location: 2F
3-2: Strikes out swinging
Chris Payling steals 2nd base (no throw)
Batter strikes out.
Batting: RHB Baldomero Avino 0-0: Ball
1-0: Fly out, F8 (Flyball, 8RXD, EV 106.9 MPH)
Runner from 2nd tags up, SAFE at 3rd, no throw by CF
Batting: LHB Kanko Umaba 0-0: Called Strike
0-1: Foul Ball, location: 2F
0-2: Foul Ball, location: 2F
0-2: Ground out 4-3 (Groundball, 4S, EV 67.5 MPH)
Bottom of the 6th over - 5 runs, 6 hits, 0 errors, 1 left on base; San Mateo 0 - Hollywood 11
TOP OF THE 7TH
San Mateo Dirty Reds batting - Pitching for Hollywood Shredders : RHP Esteban Rodríguez
Pinch Hitting: RHB Denis Higgins 0-0: Ball
1-0: Called Strike
1-1: Swinging Strike
1-2: Foul Ball, location: 2F
1-2: Strikes out swinging
Batting: RHB Hugh Mungus 0-0: Ball
1-0: Called Strike
1-1: Ball
2-1: Called Strike
2-2: SOLO HOME RUN (Flyball, 7D, EV 93.8 MPH), Distance : 393 ft
Pitching: RHP Broderick Evans
Pinch Hitting: RHB Jurg Dansen 0-0: Ball
1-0: SINGLE (Groundball, 34D, EV 95.0 MPH)
Batting: LHB Rio Mence 0-0: Ball
1-0: Swinging Strike
1-1: Fly out, F7 (Flyball, 7LMF, EV 87.5 MPH)
Batting: RHB Nelson Jaramillo 0-0: Called Strike
0-1: Ball
1-1: Ball
2-1: Ball
3-1: Foul Ball, location: 2F
3-2: Foul Ball, location: 2F
3-2: Foul Ball, location: 2F
3-2: SINGLE (Line Drive, 78S, EV 105.0 MPH)
Jurg Dansen to second
Jurg Dansen to third
Batting: LHB Richard Edwards 0-0: Called Strike
0-1: SINGLE (Groundball, 6D, EV 103.1 MPH)
Jurg Dansen scores
Nelson Jaramillo to second
Batting: RHB Kameron Guangorena 0-0: Called Strike
0-1: Ball
1-1: Ball
2-1: Ball
3-1: Called Strike
3-2: 3-RUN HOME RUN (Flyball, 78XD, EV 111.2 MPH), Distance : 412 ft
Pitching: RHP José Villarreal
Batting: RHB Daniel McCoy 0-0: Ball
1-0: Ground out 5-3 (Groundball, 5S, EV 86.9 MPH)
Top of the 7th over - 5 runs, 5 hits, 0 errors, 0 left on base; San Mateo 5 - Hollywood 11
BOTTOM OF THE 7TH
Hollywood Shredders batting - Pitching for San Mateo Dirty Reds : RHP Barney Starr
Now at 1B: Denis Higgins
Now in LF: Kevin Baxter
Batting: LHB Divine Diablo 0-0: Called Strike
0-1: Ball
1-1: Ball
2-1: Foul Ball, location: 2F
2-2: Ball
3-2: Strikes out swinging, 2-3 out at first.
Batting: RHB Guillermo Coss 0-0: Called Strike
0-1: Foul Ball, location: 2F
0-2: Fly out, F8 (Flyball, 8LM, EV 93.8 MPH)
Batting: RHB James Hemwick 0-0: Called Strike
0-1: Ball
1-1: Ball
2-1: Foul Ball, location: 2F
2-2: Ground out 5-3 (Groundball, 56, EV 106.2 MPH)
Bottom of the 7th over - 0 runs, 0 hits, 0 errors, 0 left on base; San Mateo 5 - Hollywood 11
TOP OF THE 8TH
San Mateo Dirty Reds batting - Pitching for Hollywood Shredders : RHP José Villarreal
Batting: LHB Palaie Gaoteote 0-0: Swinging Strike
0-1: Ball
1-1: Ball
2-1: Fly out, F8 (Line Drive, 8RM, EV 89.4 MPH)
Batting: RHB Denis Higgins 0-0: Foul Ball, location: 2F
0-1: Ball
1-1: Foul Ball, location: 2F
1-2: Ground out 6-3 (Groundball, 6, EV 78.8 MPH)
Batting: RHB Hugh Mungus 0-0: Called Strike
0-1: Foul Ball, location: 2F
0-2: Foul Ball, location: 2F
0-2: Ball
1-2: Strikes out looking
Top of the 8th over - 0 runs, 0 hits, 0 errors, 0 left on base; San Mateo 5 - Hollywood 11
BOTTOM OF THE 8TH
Hollywood Shredders batting - Pitching for San Mateo Dirty Reds : RHP Barney Starr
Batting: SHB Ricky Sellers 0-0: Ball
1-0: Ball
2-0: Ball
3-0: Called Strike
3-1: Called Strike
3-2: Fly out, F8 (Flyball, 8LM, EV 81.9 MPH)
Batting: SHB Alexei Ponikarov 0-0: Called Strike
0-1: SINGLE (Groundball, 4, EV 86.9 MPH) (infield hit)
Pitching: RHP Lorenzo Fabián
Batting: LHB Chris Payling 0-0: Ball
1-0: Fielders Choice at 2nd, 4-6 (Groundball, 4, EV 78.8 MPH)
Batting: LHB Scott Kerin 0-0: Ball
1-0: Called Strike
1-1: Foul Ball, location: 2F
1-2: Ball
2-2: Foul Ball, location: 2F
2-2: Ball
Chris Payling steals 2nd base
3-2: Foul Ball, location: 2F
3-2: Foul Ball, location: 2F
3-2: Ground out 4-3 (Groundball, 4, EV 85.6 MPH)
Bottom of the 8th over - 0 runs, 1 hit, 0 errors, 1 left on base; San Mateo 5 - Hollywood 11
TOP OF THE 9TH
San Mateo Dirty Reds batting - Pitching for Hollywood Shredders : RHP José Villarreal
Batting: RHB Kevin Baxter 0-0: Fly out, F6 (Popup, P, EV 80.0 MPH)
Batting: LHB Rio Mence 0-0: Ball
1-0: Foul Ball, location: 2F
1-1: Swinging Strike
1-2: Ball
2-2: Fly out, F5 (Popup, 56S, EV 78.1 MPH)
Batting: RHB Nelson Jaramillo 0-0: Called Strike
0-1: Ball
1-1: Called Strike
1-2: Foul Ball, location: 2F
1-2: Ball
2-2: Ball
3-2: Base on Balls
Batting: LHB Richard Edwards 0-0: Foul Ball, location: 2F
0-1: Foul Ball, location: 2F
0-2: SINGLE (Groundball, 34, EV 81.2 MPH) (infield hit)
Nelson Jaramillo to second
Batting: RHB Kameron Guangorena 0-0: Ball
1-0: Fielders Choice at 2nd, 5-4 (Groundball, 5, EV 91.2 MPH)
Top of the 9th over - 0 runs, 1 hit, 0 errors, 2 left on base; San Mateo 5 - Hollywood 11
Friday, April 17th, 2020 - OOTP Baseball 20.8 Build 74